 Dungeon Crawl Stone Soup version 0.19-a0-1686-g35356ef (webtiles) character file.

65 Amnesiac the Cudgeler (level 4, -1/50 HPs)
             Began as an Ogre Monk on Sept 25, 2016.
             Slain by Amnesiac's ghost (5 damage)
             ... on level 3 of the Dungeon.
             The game lasted 00:01:56 (860 turns).

Amnesiac the Cudgeler (Ogre Monk)                    Turns: 860, Time: 00:01:57

Health: -1/50      AC:  4    Str: 16    XL:     4   Next: 13%
Magic:  4/4        EV: 11    Int:  9    God:
Gold:   15         SH:  0    Dex: 13    Spells: 0 memorised, 3 levels left

rFire  + . .     SeeInvis .     i - +0 flail
rCold  + . .     Gourm    .     b - +0 robe
rNeg   . . .     Faith    .     (no shield)
rPois  +         Spirit   .     (helmet restricted)
rElec  +         Dismiss  .     (no cloak)
rCorr  +         Reflect  .     (gloves unavailable)
MR     +....     Harm     .     (boots unavailable)
Stlth  ++........               (no amulet)
                                (no ring)
                                f - ring of protection from magic

@: resistant
A: unfitting armour, tough skin 1
a: no special abilities


You were on level 3 of the Dungeon.
You were not hungry.

You visited 1 branch of the dungeon, and saw 4 of its levels.

You collected 15 gold pieces.

Inventory:

Hand Weapons
 a - a +0 mace
 i - a +0 flail (weapon)
Armour
 b - a +0 robe (worn)
 h - a +0 cloak
Jewellery
 f - a ring of protection from magic (left hand)
Scrolls
 d - a scroll of immolation
 e - a scroll of identify
Comestibles
 c - a bread ration


   Skills:
 * Level 5.1 Fighting
 * Level 5.1 Maces & Flails
 + Level 3.1 Dodging
 - Level 1.5 Stealth


You had 3 spell levels left.
You didn't know any spells.

Dungeon Overview and Level Annotations

Branches:
Dungeon (4/15)
 Temple: D:4-7

Altars:

Annotations:
D:3 Amnesiac's ghost, amateur OgMo
D:4 Pikel


Innate Abilities, Weirdness & Mutations

You are too large for most types of armour.
You have tough skin. (AC +1)


Message History

Things that are here:
a robe; a dagger; an orc corpse
As you read the scroll labeled WUN REMUAMAWK, it crumbles to dust.
It is a scroll of identify.
d - a scroll of immolation It was a potion of resistance.
You feel protected.
You sock Amnesiac's ghost!
Amnesiac's ghost is moderately damaged.
Amnesiac's ghost hits you!
* * * LOW HITPOINT WARNING * * *
You closely miss Amnesiac's ghost.
Amnesiac's ghost is moderately damaged.
Amnesiac's ghost hits you.
* * * LOW HITPOINT WARNING * * *
Amnesiac's ghost barely misses you.
You hit Amnesiac's ghost.
Amnesiac's ghost is moderately damaged.
Amnesiac's ghost hits you.
You die...

#### #.. ### #.#
... ###.##########
#.# #
.............#####
#.# #
###.....###....W.#
###.#### #####.#
#...##@# #......#
### ########
#......#
#####......# #.
............
♣♣.####.####.####
♣.....#.####.#
♣.............#
...≈≈≈....#####
..≈≈≈≈≈...#


You could see Amnesiac's ghost.

Vanquished Creatures
  A slave (D:3)
  An orc wizard (D:3)
  An adder (D:3)
  A dart slug (D:3)
  A leopard gecko (D:3)
  4 orcs
  A giant cockroach (D:1)
  4 jackals (D:3)
  2 kobolds
  A quokka (D:3)
  3 bats (D:1)
  A frilled lizard (D:3)
  A leopard gecko skeleton (D:4)
  3 rats
25 creatures vanquished.

Notes
Turn   | Place    | Note
-------+----------+-------------------------------------------
     0 | D:1      | Amnesiac the Ogre Monk began the quest for the Orb.
     0 | D:1      | Reached XP level 1. HP: 24/24 MP: 1/1
   198 | D:1      | Reached XP level 2. HP: 30/32 MP: 2/2
   439 | D:3      | Reached XP level 3. HP: 16/40 MP: 3/3
   682 | D:3      | Reached skill level 5 in Maces & Flails
   682 | D:3      | Reached XP level 4. HP: 36/49 MP: 4/4
   763 | D:4      | Noticed Pikel
   763 | D:4      | Noticed a slave
   764 | D:4      | Noticed a slave
   772 | D:3      | Reached skill level 5 in Fighting
   825 | D:3      | Noticed Amnesiac's ghost (amateur OgMo)
   826 | D:3      | Killed a slave
   860 | D:3      | Slain by Amnesiac's ghost

Vault maps used:
D:1:      sevenhm_arrival_forest_fort_small_5
D:2:      old_standard_altar, minmay_item_behind_shaft, uniq_robin
D:3:      elyvilon_altar_3
D:4:      kennysheep_mini, first_bread, uniq_pikel, uniq_eustachio, uniq_edmund,
          uniq_duvessa

Skill      XL: |  1  2  3  4 |
---------------+-------------+-----
Maces & Flails | 5 |  5.1
Dodging        | 3 |  3.1
Fighting       | 5 |  5.1
Stealth        | |  1.5

Action                   |  1- 3 |  4- 6 || total
-------------------------+-------+-------++-------
Melee: Mace              |    66 |     6 ||    72
       Flail             |       |    23 ||    23
  Use: Scroll            |       |     1 ||     1
       Potion            |       |     1 ||     1
 Stab: Sleeping          |     1 |       ||     1
Armor: Robe              |    25 |     5 ||    30
Dodge: Dodged            |    36 |    20 ||    56
